[Event "ICC tourney 2148 (70 10)"]
[Site "Internet Chess Club"]
[Date "2020.11.22"]
[Round "5"]
[White "Wubbs"]
[Black "StockAlpha2020"]
[Result "0-1"]
[ICCResult "White checkmated"]
[WhiteElo "875"]
[BlackElo "1263"]
[Opening "QGD Slav: 4.Nc3"]
[ECO "D15"]
[NIC "SL.03"]
[Time "16:08:35"]
[TimeControl "4200+10"]

1. d4 d5 2. c4 c6 3. Nf3 Nf6 4. Nc3 Bf5 5. Bg5 e6 6. e3 Nbd7 7. Be2 Be7 8.
O-O h6 9. Bh4 O-O 10. c5 Ne4 11. Bxe7 Qxe7 12. Qb3 Ndf6 13. Ne5 Nd2 14. Qd1
Nxf1 15. Qxf1 Nd7 16. f4 Nxe5 17. fxe5 Qg5 18. Qf2 f6 19. h4 Qg6 20. Kh2
fxe5 21. dxe5 Be4 22. Qg3 Qxg3+ 23. Kxg3 Rf7 24. Nxe4 dxe4 25. Bc4 Re8 26.
Rd1 Rf5 27. Rd8 Rff8 28. Rd6 Kh8 29. Rxe6 Rxe6 30. Bxe6 Re8 31. Bf5 Rxe5 32.
Kf4 Rxc5 33. Bxe4 a5 34. b3 g5+ 35. hxg5 hxg5+ 36. Kg4 Kg7 37. Bf5 Kf6 38.
e4 b5 39. Bh7 b4 40. Bf5 Rc3 41. Bd7 c5 42. Bb5 Rc1 43. e5+ Kxe5 44. Kxg5
Rc2 45. g4 Rxa2 46. Kg6 Rg2 47. Kg5 Rg3 48. Ba4 c4 49. bxc4 b3 50. c5 b2 51.
Bc2 Rc3 52. Bb1 Rxc5 53. Kg6 Rc1 54. Bf5 b1=Q 55. Bxb1 Rxb1 56. g5 a4 57.
Kh7 Rh1+ 58. Kg6 Rg1 59. Kh6 Kf5 60. g6 Rxg6+ 61. Kh7 Rg4 62. Kh8 a3 63. Kh7
a2 64. Kh6 a1=Q 65. Kh5 Qh1# {White checkmated} 0-1

[Event "ICC tourney 2148 (70 10)"]
[Site "Internet Chess Club"]
[Date "2020.11.22"]
[Round "5"]
[White "funstyle"]
[Black "aWildNateDawg"]
[Result "0-1"]
[ICCResult "White checkmated"]
[WhiteElo "1045"]
[BlackElo "238"]
[Opening "Bishop's opening: Berlin defense"]
[ECO "C24"]
[NIC "IG.04"]
[Time "16:08:29"]
[TimeControl "4200+10"]

1. e4 e5 2. Bc4 Nf6 3. d3 Be7 4. Nf3 Nc6 5. Ng5 O-O 6. Nc3 h6 7. Nf3 Bc5 8.
O-O d6 9. h3 Be6 10. Bb3 Bxb3 11. axb3 a6 12. Be3 Ba7 13. Qd2 Qe7 14. Nh4
Bxe3 15. fxe3 Nxe4 16. Nxe4 Qxh4 17. Nc3 Ne7 18. Rf3 c6 19. Raf1 d5 20. Ne2
Ng6 21. Rg3 a5 22. Rg4 Qe7 23. Ng3 Kh7 24. Nf5 Qe6 25. Nh4 Nxh4 26. Rxh4 f5
27. Ra4 b6 28. Raa1 Qd6 29. c3 Rae8 30. Rf2 f4 31. exf4 Rxf4 32. Rxf4 exf4
33. Rf1 Re3 34. d4 Qg6 35. Rxf4 Rxh3 36. g4 Rg3+ 37. Kf2 Rxg4 38. Rxg4 Qxg4
39. Qd3+ Qg6 40. Qxg6+ Kxg6 41. c4 Kf5 42. Kf3 g5 43. c5 bxc5 44. dxc5 Ke5
45. b4 axb4 46. b3 h5 47. Kg3 d4 48. Kf3 h4 49. Kg4 d3 50. Kf3 h3 51. Kg3 d2
52. Kxh3 d1=Q 53. Kg3 Qxb3+ 54. Kg4 Qe3 55. Kh5 Kf5 56. Kh6 Kf6 57. Kh7 Qe8
58. Kh6 Qh8# {White checkmated} 0-1

[Event "ICC tourney 2148 (70 10)"]
[Site "Internet Chess Club"]
[Date "2020.11.22"]
[Round "5"]
[White "johnzabraham"]
[Black "chessfidebullet"]
[Result "1-0"]
[ICCResult "Black checkmated"]
[WhiteElo "1090"]
[BlackElo "1254"]
[Opening "QGD Slav defense"]
[ECO "D10"]
[NIC "SL.01"]
[Time "16:08:25"]
[TimeControl "4200+10"]

1. d4 d5 2. c4 c6 3. Nc3 Nf6 4. cxd5 cxd5 5. Bg5 e5 6. dxe5 d4 7. exf6 Qa5
8. fxg7 Bxg7 9. Qa4+ Qxa4 10. Nxa4 b5 11. Nc5 f6 12. Bf4 Nc6 13. g3 Nb4 14.
Kd2 Bf5 15. a3 Nc2 16. Rc1 Rc8 17. Nb7 O-O 18. Nd6 Na1 19. Nxc8 Nb3+ 20. Kd1
Nxc1 21. Ne7+ Kf7 22. Nxf5 Nb3 23. Bg2 Rd8 24. Bd6 Kg6 25. Ne7+ Kf7 26. Bd5+
Ke8 27. Bc7 Rd7 28. Bc6 Nc5 29. Bd6 Ne4 30. Bxd7+ Kxd7 31. Nf5 Nxf2+ 32. Ke1
Nxh1 33. Nxg7 Kxd6 34. Nf5+ Ke5 35. Ne7 Kd6 36. Nc8+ Kc5 37. Nxa7 Kb6 38.
Nc8+ Kc5 39. b4+ Kd5 40. Nf3 Ke4 41. Nd6+ Ke3 42. Nf5+ Ke4 43. N5xd4 Ke3 44.
Kf1 Nf2 45. Nc2+ Ke4 46. Kxf2 Kd5 47. Ke3 Kc4 48. Nfd4 Kc3 49. Kf4 Kc4 50.
Kf5 Kd5 51. e4+ Kc4 52. Kxf6 h5 53. e5 Kd3 54. e6 Ke4 55. e7 h4 56. e8=Q+
Kd5 57. Qc6# {Black checkmated} 1-0

[Event "ICC tourney 2148 (70 10)"]
[Site "Internet Chess Club"]
[Date "2020.11.22"]
[Round "5"]
[White "artistqueen"]
[Black "DungBeetle"]
[Result "0-1"]
[ICCResult "White checkmated"]
[WhiteElo "1208"]
[BlackElo "1183"]
[Opening "Sicilian: Anderssen variation"]
[ECO "B41"]
[NIC "SI.41"]
[Time "16:08:49"]
[TimeControl "4200+10"]

1. e4 c5 2. Nf3 e6 3. d4 cxd4 4. Nxd4 Nf6 5. Nc3 Nc6 6. f3 Bb4 7. Be3 O-O 8.
Qd2 d5 9. O-O-O e5 10. Nxc6 bxc6 11. a3 Ba5 12. Bc5 Re8 13. exd5 Bxc3 14.
Qxc3 cxd5 15. Bc4 d4 16. Qd3 Qc7 17. Bb4 Be6 18. Bxe6 Rxe6 19. Kb1 a5 20.
Bd2 Rb8 21. Bc1 Nd5 22. Ka1 Nc3 23. bxc3 Qb6 24. Qb5 Qxb5 25. Bb2 Qxb2#
{White checkmated}
0-1

[Event "ICC tourney 2148 (70 10)"]
[Site "Internet Chess Club"]
[Date "2020.11.22"]
[Round "5"]
[White "Sid907"]
[Black "Ldon22"]
[Result "0-1"]
[ICCResult "White resigns"]
[WhiteElo "648"]
[BlackElo "795"]
[Opening "Sicilian: Pelikan (Lasker/Sveshnikov) variation"]
[ECO "B33"]
[NIC "SI.35"]
[Time "16:08:07"]
[TimeControl "4200+10"]

1. e4 c5 2. Nf3 Nc6 3. d4 cxd4 4. Nxd4 Nf6 5. Nc3 e5 6. Nf3 Bb4 7. Bd3 O-O
8. O-O d6 9. h3 Bxc3 10. bxc3 d5 11. exd5 Nxd5 12. Bb2 Re8 13. Re1 Nf6 14.
c4 Qc7 15. Qe2 Bd7 16. Nxe5 Re7 17. Qe3 Rae8 18. f4 Qb6 19. Qxb6 axb6 20.
Re2 Nh5 21. Rae1 Nxf4 22. Re4 Nxe5 23. Rxe5 Rxe5 24. Rxe5 Rxe5 25. Bxe5 Nxd3
26. cxd3 f6 27. Bc7 b5 28. cxb5 Bxb5 29. d4 Bc6 30. g3 Kf7 31. Kf2 Ke6 32.
Ke3 Kf5 33. h4 g5 34. hxg5 fxg5 35. a3 Ke6 36. Bb8 Kd5 37. Bc7 Kc4 38. Bd6
b5 39. Be7 h6 40. Bd6 h5 41. Bb8 Kb3 42. Bd6 h4 43. gxh4 gxh4 44. Kd3 h3 45.
Ke3 Bd5 46. Kd3 Bc4+ 47. Ke3 Ka4 48. Ke4 Be6 49. Ke3 Kb3 50. Ke4 Kc3 51. Bb8
Kc4 52. Bf4 Kb3 53. Bd6 Kc4 54. Bf4 Bf7 55. Ke3 Bg6 56. Bg3 Kd5 57. Bb8 Ke6
58. Bg3 Kf5 59. Bb8 Ke6 60. Bc7 Kd5 61. Bg3 Kc4 62. Bh2 Kb3 63. Bd6 Kc2 64.
Bh2 Kd1 65. Bg3 Bf7 66. Bd6 Ke1 67. Bb8 Kf1 68. Bd6 Kg2 69. Bb8 h2 70. Bxh2
Kxh2 71. Ke4 Kg3 72. d5 Bg6+ 73. Ke5 Bh5 74. d6 Bg4 75. Kd5 Bd7 76. Kc5 Kf4
77. Kb6 Ke5 78. Kc7 Ke6 79. Kb6 Kxd6 80. Ka5 Kc5 81. Ka6 Kc4 82. Ka5 Kb3 83.
Ka6 Kxa3 84. Kb6 b4 85. Kc5 b3 86. Kc4 Ka2 87. Kc3 b2 {White resigns} 0-1

[Event "ICC tourney 2148 (70 10)"]
[Site "Internet Chess Club"]
[Date "2020.11.22"]
[Round "5"]
[White "MegaSprout"]
[Black "GoodOldBell"]
[Result "0-1"]
[ICCResult "White resigns"]
[WhiteElo "1035"]
[BlackElo "1211"]
[Opening "Sicilian: dragon, Yugoslav attack, Rauser variation"]
[ECO "B76"]
[NIC "SI.17"]
[Time "16:08:23"]
[TimeControl "4200+10"]

1. e4 c5 2. Nf3 d6 3. d4 cxd4 4. Nxd4 Nf6 5. Nc3 g6 6. Be3 Bg7 7. f3 O-O 8.
Qd2 Nc6 9. O-O-O Bd7 10. g4 Ne5 11. h4 Rc8 12. Ndb5 Nxf3 13. Qg2 Bxg4 14.
Be2 Ne5 15. Nxa7 Bxe2 16. Qxe2 Rc4 17. Bd4 Nfd7 18. Bxe5 Nxe5 19. Nab5 Rc8
20. h5 g5 21. h6 Bh8 22. Rhg1 f6 23. Nd4 Qd7 24. Nf3 Nxf3 25. Qxf3 Qc6 26.
Qf5 Qc5 27. Qe6+ Rf7 28. Rg2 Qc4 29. Qg4 Rc6 30. Nd5 Kf8 31. b3 Qc5 32. Qd7
Rc8 33. Nb6 Re8 34. Qxb7 Qe3+ 35. Kb1 Qc3 36. Nd7+ Kg8 37. Rd3 Qe1+ 38. Rd1
Qxd1+ {White resigns} 0-1

[Event "ICC tourney 2148 (70 10)"]
[Site "Internet Chess Club"]
[Date "2020.11.22"]
[Round "5"]
[White "Outschoorn"]
[Black "UnkArjun"]
[Result "1-0"]
[ICCResult "Black resigns"]
[WhiteElo "1164"]
[BlackElo "640"]
[Opening "Bishop's opening: Berlin defense"]
[ECO "C24"]
[NIC "IG.04"]
[Time "16:08:02"]
[TimeControl "4200+10"]

1. e4 e5 2. Bc4 Nf6 3. d3 Bc5 4. Bg5 Nc6 5. Nc3 O-O 6. Nd5 Be7 7. Nxe7+ Qxe7
8. c3 h6 9. Bh4 d6 10. Nf3 Bg4 11. h3 Bxf3 12. Qxf3 g5 13. Bg3 a6 14. h4
gxh4 15. Bxh4 Kg7 16. Qg3+ Kh8 17. Qf3 Kg7 18. Bxf6+ Qxf6 19. Qxf6+ Kxf6 20.
Rxh6+ Kg7 21. Rh3 Rh8 22. Rg3+ Kf8 23. O-O-O Rh2 24. Rf3 Nd8 25. Rg1 b5 26.
Bb3 a5 27. a4 bxa4 28. Bxa4 c6 29. g4 Kg7 30. g5 c5 31. c4 Rb8 32. b3 Ne6
33. Kb2 Nd4 34. Rf6 Ne2 35. Rf1 Rh5 36. Rxd6 Rxg5 37. Ra6 Rc8 38. Rxa5 Rg6
39. Bd7 Rd8 40. Bf5 Rc6 41. Kc2 Nd4+ 42. Kc3 Nxf5 43. exf5 Kf6 44. Ra7 Rf8
45. f4 exf4 46. Rxf4 Rb6 47. Rf1 Rfb8 48. Ra3 Ke5 49. f6 Rxf6 50. Rxf6 Kxf6
51. Ra6+ Kg7 52. Rc6 f5 53. Rxc5 Rf8 54. Re5 f4 55. Rg5+ Kh6 56. Rg1 f3 57.
c5 f2 58. Rf1 Rf6 59. d4 Kh5 60. Kd3 Rf3+ 61. Kc4 Kg4 62. c6 Rf8 63. d5 Kg3
64. c7 Kg2 65. Rxf2+ Kxf2 66. Kb5 Rg8 67. Kc6 Rg6+ 68. d6 Rg3 69. c8=Q Rc3+
70. Kd7 Rxc8 71. Kxc8 Kf3 72. d7 Kf4 73. d8=Q Kf5 74. Qe7 {Black resigns}
1-0

[Event "ICC tourney 2148 (70 10)"]
[Site "Internet Chess Club"]
[Date "2020.11.22"]
[Round "5"]
[White "SaiC"]
[Black "Fresjavacado"]
[Result "1-0"]
[ICCResult "Black checkmated"]
[WhiteElo "993"]
[BlackElo "694"]
[Opening "Queen's pawn, Mason variation"]
[ECO "D00"]
[NIC "QP.08"]
[Time "16:08:04"]
[TimeControl "4200+10"]

1. d4 d5 2. Bf4 Nc6 3. Nf3 Nf6 4. e3 g6 5. h3 Bg7 6. c4 O-O 7. Nc3 Nb4 8.
Qb3 a5 9. a3 dxc4 10. Bxc4 Nc6 11. Rd1 Bf5 12. Ne5 e6 13. g4 Be4 14. f3 Bd5
15. g5 Bxc4 16. Qxc4 Nd7 17. Nxc6 bxc6 18. Qxc6 Ra7 19. Nb5 Ra8 20. Rc1 Qe7
21. Kf2 h6 22. h4 Kh7 23. Qe4 f5 24. Qd3 Nb6 25. Rxc7 Qe8 26. Be5 Nd7 27.
Bd6 Rg8 28. f4 Ra6 29. Be5 Nxe5 30. dxe5 Qa8 31. Rh2 Rb6 32. h5 Rd8 33.
hxg6+ Kxg6 34. Rd7 Rxd7 35. Qxd7 Qd5 36. Nd6 Rxb2+ 37. Kg3 Rxh2 38. Kxh2
Qd2+ 39. Kh1 Qe1+ 40. Kg2 hxg5 41. Qxe6+ Kh7 42. Qxf5+ Kh6 43. Nf7+ Kh5 44.
Qxg5# {Black checkmated} 1-0

[Event "ICC tourney 2148 (70 10)"]
[Site "Internet Chess Club"]
[Date "2020.11.22"]
[Round "5"]
[White "aarnawarekar"]
[Black "AshikaN"]
[Result "1/2-1/2"]
[ICCResult "Game drawn by mutual agreement"]
[WhiteElo "663"]
[BlackElo "869"]
[Opening "Sicilian"]
[ECO "B50"]
[NIC "SI.01"]
[Time "16:08:56"]
[TimeControl "4200+10"]

1. e4 c5 2. Nf3 d6 3. c3 Nf6 4. Qc2 a6 5. d4 cxd4 6. cxd4 e5 7. d5 Be7 8.
Nc3 Bg4 9. Be2 h6 10. O-O O-O 11. b3 Nbd7 12. Bb2 Rc8 13. Rac1 b5 14. b4 a5
15. a3 Qb6 16. Qd2 axb4 17. axb4 Bxf3 18. Bxf3 Rc4 19. Ba3 Qd4 20. Rfd1 Qxd2
21. Rxd2 Rfc8 22. Na2 Nb6 23. Re1 Na4 24. h3 Rc2 25. Rc1 Rxc1+ 26. Nxc1 Rc3
27. Ra2 Nd7 28. Ne2 Rc8 29. Ng3 g6 30. Ne2 Ndb6 31. Bg4 Rc4 32. Bf3 h5 33.
Kh2 Nc3 34. Nxc3 Rxc3 35. Be2 Nc4 36. Bxc4 Rxc4 37. f3 Bg5 38. Kg3 h4+ 39.
Kg4 f6 40. g3 hxg3 41. Kxg3 f5 42. h4 Bf6 43. Re2 g5 44. hxg5 Bxg5 45. exf5
Bf4+ 46. Kh3 Rc3 47. Ra2 Rxf3+ 48. Kh4 e4 49. Kg4 Rf1 50. Bb2 e3 51. Ra8+
Kf7 52. Ra7+ Kf8 53. Ra8+ Ke7 54. Ra7+ Kd8 55. f6 e2 56. f7 Bh6 57. Bc3 e1=Q
58. Bxe1 Rxe1 59. Kh5 Rh1+ 60. Kg6 Bf8 61. Kf6 Rb1 62. Ra8+ Kd7 63. Rxf8
Rf1+ 64. Kg7 Ke7 {Game drawn by mutual agreement} 1/2-1/2

[Event "ICC tourney 2148 (70 10)"]
[Site "Internet Chess Club"]
[Date "2020.11.22"]
[Round "5"]
[White "dancingmoose3"]
[Black "butik666"]
[Result "0-1"]
[ICCResult "White resigns"]
[WhiteElo "865"]
[BlackElo "697"]
[Opening "Giuoco Piano"]
[ECO "C50"]
[NIC "IG.02"]
[Time "16:08:56"]
[TimeControl "4200+10"]

1. e4 e5 2. Nf3 Nc6 3. Bc4 Bc5 4. O-O Nf6 5. Re1 O-O 6. c3 d6 7. d4 exd4 8.
cxd4 Bb4 9. Nc3 Bg4 10. Bg5 Re8 11. a3 Ba5 12. Qd3 h6 13. Bd2 Bxf3 14. gxf3
Nh5 15. Kh1 Qh4 16. Rf1 Bb6 17. Be3 Ne7 18. Ne2 Ng6 19. Rad1 Rad8 20. b4 c6
21. Qb3 d5 22. exd5 Bc7 23. Ng3 Bxg3 24. fxg3 Nxg3+ 25. Kg1 Nxf1 26. Rxf1
Nf4 27. dxc6 Qg5+ 28. Kf2 Qg2+ 29. Ke1 Rxd4 30. Rf2 Qg1+ 31. Bf1 Rd3
{White resigns}
0-1

[Event "ICC tourney 2148 (70 10)"]
[Site "Internet Chess Club"]
[Date "2020.11.22"]
[Round "5"]
[White "AwesomeWarrior"]
[Black "whale-lines"]
[Result "1-0"]
[ICCResult "Black resigns"]
[WhiteElo "1002"]
[BlackElo "849"]
[Opening "Giuoco Piano"]
[ECO "C50"]
[NIC "IG.02"]
[Time "16:08:16"]
[TimeControl "4200+10"]

1. e4 e5 2. Nf3 Nc6 3. Bc4 Bc5 4. O-O Nf6 5. Nc3 O-O 6. d3 d6 7. Bg5 Be6 8.
Bb3 Bd4 9. Nd5 Bxd5 10. exd5 Na5 11. c3 Bb6 12. Bc2 e4 13. dxe4 Nc4 14. b3
Ne5 15. Nd4 Bxd4 16. cxd4 Ned7 17. Re1 h6 18. Bh4 g5 19. Bg3 c6 20. Bxd6 Re8
21. Qd3 Nxe4 22. Rxe4 Rxe4 23. Qxe4 Nf6 24. Qe7 Nxd5 25. Qe5 Qf6 26. Re1
Qxe5 27. Rxe5 Nc3 28. h4 f6 29. Re7 Rd8 30. Re6 Nb5 31. Be7 Nxd4 32. Bxd8
Nxe6 33. Bxf6 Kf7 34. Bc3 gxh4 35. Bf5 Nf4 36. Kf1 Nd5 37. Bd4 Ne7 38. Be4
a6 39. Ke2 Ng6 40. Kf3 h5 41. g4 hxg4+ 42. Kxg4 b5 43. Bxc6 h3 44. Kxh3 Nf4+
45. Kg4 Ne2 46. Be5 Ke6 47. Bf4 Nxf4 48. Kxf4 b4 49. Ke4 a5 50. Kd4 Kd6 51.
Bb5 Kc7 52. f4 Kd6 53. f5 Ke7 54. Kc5 Kf6 55. Bd3 {Black resigns} 1-0

[Event "ICC tourney 2148 (70 10)"]
[Site "Internet Chess Club"]
[Date "2020.11.22"]
[Round "5"]
[White "catcity"]
[Black "MissCalculation"]
[Result "1-0"]
[ICCResult "Black checkmated"]
[WhiteElo "1290"]
[BlackElo "1043"]
[Opening "Caro-Kann defense"]
[ECO "B10"]
[NIC "CK.01"]
[Time "16:08:06"]
[TimeControl "4200+10"]

1. e4 c6 2. Nf3 d5 3. exd5 cxd5 4. d4 Nf6 5. Nc3 Nc6 6. Bb5 Bd7 7. Bg5 a6 8.
Ba4 b5 9. Bb3 a5 10. Bxd5 Nxd5 11. Nxd5 Be6 12. Nc3 Na7 13. Qd3 Bc4 14. Qe4
g6 15. Ne5 Rc8 16. Nxc4 Rxc4 17. Qe5 Qxd4 18. Qb8+ Nc8 19. Qxb5+ Kd8 20. Rd1
Bg7 21. Rxd4+ Rxd4 22. Qxa5+ Ke8 23. O-O h6 24. Qc7 hxg5 25. Qxc8+ Rd8 26.
Qc6+ Kf8 27. Re1 Bf6 28. g3 g4 29. Nd5 Bg5 30. Qc7 Rxd5 31. Qc8+ Kg7 32.
Qxg4 Rhd8 33. h4 Bf6 34. b3 Rd2 35. Rc1 R8d4 36. Qf3 Rd6 37. Kg2 Ra6 38. a4
Ra5 39. Qe3 Rad5 40. b4 R5d4 41. c3 R4d3 42. Qf4 Re2 43. a5 Be5 44. Qg4 Rdd2
45. Qf3 f6 46. c4 Bd4 47. Rf1 f5 48. b5 e5 49. Qb7+ Kh6 50. a6 Bxf2 51. Qf3
Bd4+ 52. Qxe2 Rxe2+ 53. Kh3 e4 54. Rb1 Kh5 55. b6 Be5 56. a7 Re3 57. Rg1 Ra3
58. Kh2 Ra2+ 59. Kh1 Bd4 60. Rg2 Ra1+ 61. Kh2 e3 62. Re2 Kg4 63. Kg2 f4 64.
b7 f3+ 65. Kh2 fxe2 66. b8=Q e1=Q 67. Qf4+ Kh5 68. Qg5# {Black checkmated}
1-0

[Event "ICC tourney 2148 (70 10)"]
[Site "Internet Chess Club"]
[Date "2020.11.22"]
[Round "5"]
[White "joshbleicher"]
[Black "Popularmmose"]
[Result "1-0"]
[ICCResult "Black resigns"]
[WhiteElo "832"]
[BlackElo "1006"]
[Opening "Sicilian"]
[ECO "B72"]
[NIC "SI.16"]
[Time "16:08:55"]
[TimeControl "4200+10"]

1. e4 c5 2. Nf3 d6 3. d4 cxd4 4. Nxd4 g6 5. Nc3 Bg7 6. Be3 Nf6 7. h3 O-O 8.
f4 e5 9. Ndb5 exf4 10. Bxf4 Qa5 11. Nxd6 Rd8 12. Qf3 Nh5 13. Bh2 Be6 14.
Nxb7 Qb4 15. Nxd8 Qxb2 16. Rd1 Bxc3+ 17. Kf2 Bd4+ 18. Ke1 Qb4+ 19. Rd2 Bc3
20. Qe3 Bd4 21. Qxd4 {Black resigns} 1-0

[Event "ICC tourney 2148 (70 10)"]
[Site "Internet Chess Club"]
[Date "2020.11.22"]
[Round "5"]
[White "roh007"]
[Black "jrcrawford512"]
[Result "0-1"]
[ICCResult "White resigns"]
[WhiteElo "1144"]
[BlackElo "1082"]
[Opening "Giuoco Piano"]
[ECO "C50"]
[NIC "IG.02"]
[Time "16:08:05"]
[TimeControl "4200+10"]

1. e4 e5 2. Nf3 Nc6 3. Bc4 Bc5 4. O-O Nf6 5. Nc3 d6 6. h3 Be6 7. Bb3 Qd7 8.
d3 h6 9. Ne2 O-O-O 10. Ba4 g5 11. Be3 g4 12. hxg4 Bxg4 13. Bxc5 Bxf3 14. Be3
Qg4 15. Ng3 Bxd1 16. Rfxd1 Rdg8 17. Bb3 Rg7 18. Kf1 Nd4 19. c3 Nxb3 20. axb3
a6 21. Ke1 Nh5 22. Nf5 Qxg2 23. Nxg7 Nxg7 24. Kd2 Ne6 25. Rg1 Qf3 26. Raf1
Nf4 27. Bxf4 Qxf4+ 28. Ke2 h5 29. Rg3 h4 30. Rh1 h3 31. Rhxh3 Rxh3 32. Rxh3
Kd7 33. Re3 Ke6 34. d4 c6 35. dxe5 dxe5 36. b4 Qg4+ 37. Kd2 f5 38. exf5+
Qxf5 39. Re2 e4 40. Ke1 Ke5 41. Re3 Kd5 42. b3 Qf4 43. Ke2 Qg4+ 44. Kd2 Qg2
45. Ke2 b6 46. Rg3 Qh1 47. Rg5+ Kd6 48. Rg3 Ke5 49. Rg5+ Kf4 50. Rg3 Qb1 51.
c4 Qc2+ 52. Ke1 Qc1+ 53. Ke2 Qa3 54. Re3 Qxb4 55. f3 exf3+ 56. Rxf3+ Ke4 57.
Re3+ Kd4 58. Rd3+ Kc5 59. Rf3 Qa3 60. Kf2 Kb4 61. c5 bxc5 62. Rf7 Kxb3 63.
Rf3+ Kb4 64. Rxa3 Kxa3 65. Ke2 Kb3 66. Kd2 c4 67. Kc1 Kc3 68. Kd1 Kb2 69.
Kd2 c3+ {White resigns} 0-1

[Event "ICC tourney 2148 (70 10)"]
[Site "Internet Chess Club"]
[Date "2020.11.22"]
[Round "5"]
[White "ishirlakhani"]
[Black "wanderingeigeas"]
[Result "1/2-1/2"]
[ICCResult "Game drawn by repetition"]
[WhiteElo "1017"]
[BlackElo "1162"]
[Opening "QGD: 5...c6"]
[ECO "D51"]
[NIC "QO.16"]
[Time "16:08:35"]
[TimeControl "4200+10"]

1. d4 e6 2. c4 d5 3. Nc3 Nf6 4. Bg5 c6 5. e3 Nbd7 6. Bd3 Bd6 7. Nf3 h6 8.
Bh4 O-O 9. O-O Qc7 10. c5 Be7 11. b4 b6 12. a3 a5 13. Qc2 Ba6 14. Bxa6 Rxa6
15. Qd3 Rfa8 16. Rab1 bxc5 17. bxc5 R6a7 18. Rfe1 Qd8 19. e4 dxe4 20. Nxe4
Nxc5 21. Nxc5 Bxc5 22. Rec1 Be7 23. Rxc6 Qd5 24. Rbc1 Rb7 25. h3 g5 26. Bg3
Rb3 27. R6c3 Rxc3 28. Rxc3 Ne4 29. Rc2 Nxg3 30. fxg3 Rd8 31. Qc3 Bd6 32. g4
Bf4 33. Qc5 Be3+ 34. Kf1 Qb3 35. Qc3 Qxc3 36. Rxc3 Bxd4 37. Nxd4 Rxd4 38.
Ke2 Kf8 39. Ke3 Ra4 40. Kf3 Ke7 41. Ke3 Kd6 42. Kd3 e5 43. Ke3 Kd5 44. Kd3
Rd4+ 45. Ke3 Rc4 46. Rb3 Ra4 47. Kd3 e4+ 48. Kc3 Ke5 49. Rb5+ Kf4 50. Kb3
Rd4 51. Rxa5 e3 52. Kc3 Rd7 53. Rf5+ Kg3 54. Rf3+ Kxg2 55. Rxe3 Kf2 56. Rd3
Ra7 57. Kb3 h5 58. gxh5 f5 59. h6 f4 60. Rd5 Rh7 61. Rxg5 Rxh6 62. Kb4 f3
63. a4 Ke3 64. Rg3 Ke2 65. a5 f2 66. Rg2 Ke1 67. Rxf2 Kxf2 68. Kb5 Rh8 69.
a6 Ke3 70. Kb6 Kd4 71. a7 Rh6+ 72. Kb7 Rh7+ 73. Kb6 Rh6+ 74. Kb7 Rh7+ 75.
Kb6 Rh8 76. Kb7 Rh7+ 77. Kb6 Rh6+ 78. Kb7 Rh7+ 79. Kb6 Rh8 80. Kb7 Rh7+ 81.
Kb6 Rh8 82. Kb7 {Game drawn by repetition} 1/2-1/2

[Event "ICC tourney 2148 (70 10)"]
[Site "Internet Chess Club"]
[Date "2020.11.22"]
[Round "5"]
[White "auggie29"]
[Black "mohitmukkollu"]
[Result "0-1"]
[ICCResult "White checkmated"]
[WhiteElo "1053"]
[BlackElo "1237"]
[Opening "Queen's pawn, Mason variation, Steinitz counter-gambit"]
[ECO "D00"]
[NIC "QP.08"]
[Time "16:08:34"]
[TimeControl "4200+10"]

1. d4 d5 2. Bf4 c5 3. e3 Nc6 4. Nf3 Bf5 5. Bd3 Bg6 6. c4 Bxd3 7. Qxd3 Nb4 8.
Qc3 e6 9. O-O Nf6 10. Nbd2 cxd4 11. exd4 Rc8 12. a3 Nc6 13. cxd5 exd5 14.
Qe3+ Be7 15. Rfe1 O-O 16. Ne5 Bd6 17. Bg5 Re8 18. Qf4 Be7 19. Ndf3 Rf8 20.
Qh4 Rc7 21. Nxc6 bxc6 22. Bxf6 Bxf6 23. Qg4 Re7 24. h3 Rfe8 25. Qf4 Rxe1+
26. Rxe1 Rxe1+ 27. Nxe1 h6 28. Nf3 Qb6 29. Qd2 c5 30. dxc5 Qxc5 31. Ne1 Bg5
32. Qc2 Qxc2 33. Nxc2 Bc1 34. b3 Kf8 35. Kf1 Ke7 36. Ke2 Kd6 37. Kd3 Bb2 38.
a4 Kc5 39. b4+ Kd6 40. f4 f5 41. Ne3 g6 42. Nc2 a6 43. g3 h5 44. h4 Kc6 45.
Nd4+ Kd6 46. Nc2 Kc6 47. Nd4+ Kd6 48. a5 Bxd4 49. Kxd4 Kc6 50. b5+ Kxb5 51.
Kxd5 Kxa5 52. Kc5 Ka4 53. Kc4 a5 54. Kc3 Kb5 55. Kd4 a4 56. Ke5 a3 57. Kf6
a2 58. Kxg6 a1=Q 59. Kxf5 Qb1+ 60. Kg5 Qd1 61. f5 Qg4+ 62. Kf6 Qxg3 63. Ke7
Qxh4+ 64. f6 Qg5 65. Kf7 h4 66. Kf8 Qxf6+ 67. Kg8 h3 68. Kh7 h2 69. Kg8 Kb4
70. Kh7 h1=Q+ 71. Kg8 Qg1+ 72. Kh7 Qh4# {White checkmated} 0-1

[Event "ICC tourney 2148 (70 10)"]
[Site "Internet Chess Club"]
[Date "2020.11.22"]
[Round "5"]
[White "Kentnar"]
[Black "Nani123"]
[Result "0-1"]
[ICCResult "White checkmated"]
[WhiteElo "1075"]
[BlackElo "1064"]
[Opening "Ruy Lopez: Berlin defense"]
[ECO "C65"]
[NIC "RL.07"]
[Time "16:08:22"]
[TimeControl "4200+10"]

1. e4 e5 2. Nf3 Nc6 3. Bb5 Nf6 4. d3 Bc5 5. Bg5 d6 6. O-O a6 7. Ba4 b5 8.
Bb3 Bg4 9. Bd5 Qd7 10. Bxc6 Qxc6 11. h3 Bh5 12. Bxf6 gxf6 13. Nxe5 Bxd1 14.
Nxc6 Bxc2 15. d4 Bb6 16. Na3 Kd7 17. Nxc2 Kxc6 18. Nb4+ Kb7 19. Rad1 Rhe8
20. f3 c6 21. Kh1 a5 22. Nc2 c5 23. Ne3 cxd4 24. Nf5 Bc5 25. Nxd4 Kb6 26.
Nb3 Red8 27. Nxc5 dxc5 28. g4 Rd4 29. Kg2 Rad8 30. Rc1 Rd2+ 31. Kg3 Rxb2 32.
Kf4 Rxa2 33. Kf5 Rd6 34. Rfd1 Rad2 35. Rxd2 Rxd2 36. Kxf6 b4 37. Kxf7 b3 38.
e5 b2 39. Re1 Rc2 40. Rb1 a4 41. e6 a3 42. e7 Re2 43. f4 Kc7 44. f5 Rxe7+
45. Kxe7 a2 46. Rxb2 a1=Q 47. Re2 Qg7+ 48. Ke8 Qd7+ 49. Kf8 Kc6 50. Re7 Qd8+
51. Kf7 c4 52. f6 c3 53. Re6+ Kb5 54. Re8 Qd5+ 55. Kg7 Qg5+ 56. Kf7 c2 57.
Rg8 Qd5+ 58. Kg7 c1=Q 59. f7 Qcg5+ 60. Kf8 Qdd8# {White checkmated} 0-1

[Event "ICC tourney 2148 (70 10)"]
[Site "Internet Chess Club"]
[Date "2020.11.22"]
[Round "6"]
[White "sammu"]
[Black "mgelgi"]
[Result "0-1"]
[ICCResult "White checkmated"]
[WhiteElo "508"]
[BlackElo "895"]
[Opening "King's pawn game"]
[ECO "C50"]
[NIC "IG.03"]
[Time "19:32:10"]
[TimeControl "4200+10"]

1. e4 e5 2. Nf3 Nc6 3. Bc4 h6 4. Bb5 Bd6 5. Bxc6 dxc6 6. O-O Nf6 7. Nc3 Qe7
8. a4 Bg4 9. d3 Qe6 10. h3 Bh5 11. b3 O-O-O 12. Ba3 g5 13. Ne2 Bxf3 14. gxf3
Qxh3 15. Ng3 Nh5 16. Nxh5 Qxh5 17. Bxd6 Rxd6 18. c3 g4 19. d4 exd4 20. cxd4
gxf3 21. Re1 Rg6+ 22. Kf1 Qh1# {White checkmated} 0-1

[Event "ICC tourney 2148 (70 10)"]
[Site "Internet Chess Club"]
[Date "2020.11.22"]
[Round "6"]
[White "siddh2012"]
[Black "kleilei"]
[Result "1-0"]
[ICCResult "Black checkmated"]
[WhiteElo "907"]
[BlackElo "141"]
[Opening "Giuoco Piano: four knights variation"]
[ECO "C50"]
[NIC "IG.02"]
[Time "19:31:40"]
[TimeControl "4200+10"]

1. e4 e5 2. Nf3 Nc6 3. Bc4 Bc5 4. Nc3 Nf6 5. O-O O-O 6. d3 d6 7. Bg5 Bg4 8.
Nd5 h6 9. Nxf6+ gxf6 10. Bxh6 Nd4 11. Bxf8 Nxf3+ 12. gxf3 Be6 13. Bxe6 fxe6
14. Bh6 Qe8 15. Kh1 Qg6 16. Rg1 Kh7 17. Rxg6 Kxg6 18. Bd2 Kf7 19. Qe2 Rb8
20. a4 Ra8 21. b4 Bb6 22. a5 Bd4 23. c3 a6 24. cxd4 exd4 25. Qf1 e5 26. Qh3
b6 27. Rg1 Rb8 28. Qh7+ Ke6 29. Rg7 Re8 30. Qg6 Re7 31. Qf5# {Black
checkmated} 1-0

[Event "ICC tourney 2148 (70 10)"]
[Site "Internet Chess Club"]
[Date "2020.11.22"]
[Round "6"]
[White "hunterhong"]
[Black "EthanDember"]
[Result "0-1"]
[ICCResult "White checkmated"]
[WhiteElo "764"]
[BlackElo "1104"]
[Opening "Sicilian"]
[ECO "B50"]
[NIC "SI.01"]
[Time "19:31:21"]
[TimeControl "4200+10"]

1. e4 c5 2. Nf3 d6 3. h3 Nf6 4. Nc3 a6 5. Bc4 e6 6. O-O Be7 7. d3 O-O 8. Bf4
Nc6 9. Qd2 b5 10. Bb3 d5 11. exd5 exd5 12. Rfe1 c4 13. dxc4 dxc4 14. Qxd8
Bxd8 15. Bxc4 bxc4 16. Ne5 Nxe5 17. Bxe5 Be6 18. Ne4 Nxe4 19. Rxe4 Bb6 20.
Rg4 Bxg4 21. hxg4 f6 22. Bf4 Rfe8 23. Rd1 Rad8 24. Rxd8 Rxd8 25. Kh2 Rd7 26.
Kg3 Bc7 27. Bxc7 Rxc7 28. Kf3 Re7 29. Kf4 Kf7 30. Kf3 a5 31. c3 a4 32. a3 h6
33. g3 g5 34. Kg2 Kg6 35. Kf1 f5 36. gxf5+ Kxf5 37. Kg2 Kg4 38. f3+ Kf5 39.
Kf2 h5 40. Kf1 h4 41. g4+ Kf4 42. Kf2 Re3 43. Kg2 Rxf3 44. Kg1 Kg3 45. Kh1
Rf1# {White checkmated} 0-1